 Dungeon Sprint DCSS version 0.31-a0-986-g5e6e4ef867 (webtiles) character file.

Game seed: 18253445696911270155

0 rocky1 the Covered (level 1, 14/14 HPs)
             Began as a Tengu Fighter on Nov 24, 2023.
             Was an Initiate of Gozag.
             Quit the game in the Dungeon (Sprint VI: "Thunderdome").
             The game lasted 00:00:46 (85 turns).

rocky1 the Covered (Tengu Fighter)                    Turns: 85, Time: 00:00:46

Health: 14/14      AC:  7    Str: 16    XL:     1   Next: 80%
Magic:  2/2        EV: 23    Int:  8    God:    Gozag
Gold:   425        SH:  5    Dex: 13    Spells: 0/0 levels left

rFire   . . .        a - +0 long sword
rCold   . . .        c - +0 buckler
rNeg    . . .        b - +0 scale mail
rPois   .            (helmet restricted)
rElec   .            (no cloak)
rCorr   .            (no gloves)
SInv    .            (boots unavailable)
Will    .....        (no amulet) Stlth
                     (no ring)
HPRegen 0.22/turn    (no ring)
MPRegen 0.08/turn

%: no teleportation, acrobat
@: acrobatic
A: beak, talons 3, acrobatic
a: Renounce Religion, Potion Petition, Call Merchant, Bribe Branch


You were in the Dungeon.
You worshipped Gozag.
Gozag was aware of your devotion.
You visited 1 branch You collected 425 gold pieces.

Inventory:

Hand Weapons
 a - a +0 long sword (weapon)
Armour
 b - a +0 scale mail (worn)
 c - a +0 buckler (worn)
Wands
 l - a wand of quicksilver (5)
 m - a wand of roots (5)
Scrolls
 j - 4 scrolls of blinking
 n - 3 scrolls of fog
Potions
 d - a potion of might
 e - a potion of curing
 f - 4 potions of heal wounds
 g - 4 potions of haste
 h - 2 potions of magic
 i - a potion of berserk rage
 k - a potion of resistance


   Skills:
 + Level 3.5 Fighting
 + Level 2.5 Long Blades
 + Level 3.8 Armour
 + Level 3.5 Shields


You couldn't memorise any spells.
You didn't know any spells.
Your spell library was empty.

Dungeon Overview and Level Annotations

Branches:
Dungeon (1/1)

Altars:
Dithmenos
Fedhas
Gozag
Kikubaaqudgha
Makhleb
Okawaru
Ru
Sif Muna
Trog
Wu Jian
Xom
Yredelemnul
Zin
The Shining One
Lugonu

Shops:
D *[=?**[(!!!!


Innate Abilities, Weirdness & Mutations

You have a beak for a mouth.
You have claws for feet.
You can magically evade attacks while moving or waiting.


Message History

A kobold comes into view. It is wielding a +0 dagger.
Found Arghid's Identification Station.
You slash the goblin!
You kill the goblin!
Found Wyuwolutz's Advanced Armour and Ehuisira's Jewellery.
Things that are here:
63 gold pieces; a +0 club The kobold misses you.
You hit the kobold but do no damage. The kobold barely misses you.
You slash the kobold!
You kill the kobold!
No target in view!
No target in view!
You now have 299 gold pieces (gained 54).
You see here a +0 dagger.
You now have 362 gold pieces (gained 63).
You see here a +0 club.
Found Fuotenailu's Timeless Talismans.
Found three altars.
A goblin comes into view. It is wielding a +0 dagger.
The goblin shouts!
You block the goblin's attack.
You hit the goblin. Your kick misses the goblin. Your peck misses the goblin.
The goblin is severely wounded.
The goblin hits you but does no damage.
You slash the goblin!
You kill the goblin!
No target in view!
No target in view!
You now have enough gold to petition Gozag for potion effects.
You now have 425 gold pieces (gained 63).
Things that are here:
a +0 dagger; a +0 club
There is a basalt altar of Yredelemnul here.
There is a blossoming altar of Fedhas here.
There is an ornate altar of the Wu Jian Council here.
There is an entrance to Atior's Weapon Rack here.
You can access your shopping list by pressing '$'.
There is an entrance to Taytiq's Basic Armour here.
There are no items here.
Are you sure you want to abandon this character and quit the game? (Confirm with "yes".)

##∩.._).)...###.......__∩##
######.8.........8.######
#⌠...........⌠#
###.........### #_......._#
#_......._# #_......._#
#∩.......∩# ##∩.....@##
##.....## ##⌠⌠⌠# ####


There were no monsters in sight!

Vanquished Creatures
  2 goblins (D)
  A hobgoblin (D)
  A kobold (D)
4 creatures vanquished.

Notes
Turn   | Place    | Note
-------+----------+-------------------------------------------
     0 | D        | rocky1 the Tengu Fighter began the quest for the Orb.
     0 | D        | Reached XP level 1. HP: 14/14 MP: 2/2
     3 | D        | Found a bloodstained altar of Trog.
     4 | D        | Found an opulent altar of Gozag.
     4 | D        | Found a shimmering blue altar of Sif Muna.
     5 | D        | Found a corrupted altar of Lugonu.
     5 | D        | Found a burning altar of Makhleb.
     5 | D        | Round 1.
     6 | D        | Found Esiseb's Distillery.
     6 | D        | Found a glowing golden altar of the Shining One.
     6 | D        | Found Cysud's Do-It-Yourself Clinic.
     7 | D        | Found Doyf's Distillery.
     7 | D        | Found Meuhull's Bottled Wisdom.
    14 | D        | Became a worshipper of Gozag Ym Sagoz the Greedy
    27 | D        | Found a basalt altar of Yredelemnul.
    28 | D        | Found a blossoming altar of Fedhas.
    29 | D        | Found an ornate altar of the Wu Jian Council.
    30 | D        | Found Atior's Weapon Rack.
    32 | D        | Found an ancient bone altar of Kikubaaqudgha.
    32 | D        | Found a sacrificial altar of Ru.
    32 | D        | Found Yloise's Premium Goods.
    34 | D        | Found Taytiq's Basic Armour.
    34 | D        | Found Sisuf's Miscellaneous Merchandise.
    37 | D        | Found an iron altar of Okawaru.
    40 | D        | Found Arghid's Identification Station.
    43 | D        | Found Wyuwolutz's Advanced Armour.
    43 | D        | Found Ehuisira's Jewellery.
    53 | D        | Found a shadowy altar of Dithmenos.
    53 | D        | Found a glowing silver altar of Zin.
    53 | D        | Found a shimmering altar of Xom.
    53 | D        | Found Fuotenailu's Timeless Talismans.
    85 | D        | Quit the game

Illustrated notes

Levels and vault maps discovered:
D:        arena_sprint

Action                     || total
---------------------------++-------
  Melee: Long sword        ||     8
 Armour: Scale mail        ||     3
  Dodge: Dodged            ||     2
  Block: Buckler           ||     1

Table legend: (Time is in decaauts)
 A = Elapsed time spent in this place.
 B = Non-inter-level travel time spent in this place.
 C = Inter-level travel time spent in this place.
 D = Time resting spent in this place.
 E = Time spent auto-exploring this place.
 F = Levels seen in this place.
 G = Mean time per level.
                   A        B        C        D        E       F      G
               +--------+--------+--------+--------+--------+-----+--------+
         Total |     87 |     87 |      0 |      0 |      5 |   1 |   87.0 |
       Dungeon |     87 |     87 |      0 |      0 |      5 |   1 |   87.0 |
               +--------+--------+--------+--------+--------+-----+--------+

Top non-repeatable levels by time:
       D: 87 daAuts
